 Dungeon Crawl Stone Soup version 0.27-a0-1137-g3ef0f4ec91 (webtiles) character file.

Game seed: 1787802474286529712

56567 robertstho the Ripper (level 14, -2/66 HPs)
             Began as a Felid Berserker on May 6, 2021.
             Was the Champion of Trog.
             Slain by a very large slime creature (39 damage)
             ... on level 14 of the Dungeon.
             The game lasted 00:49:27 (27565 turns).

robertstho the Ripper (Felid Berserker)            Turns: 27565, Time: 00:49:28

Health: -2/66      AC:  7    Str: 22    XL:     14   Next: 42%
Magic:  15/15      EV: 26    Int: 12    God:    Trog [******]
Gold:   1156       SH:  0    Dex: 19    Spells: 13/13 levels left
                                        Lives:  0   Deaths: 4

rFire    + . .     SeeInvis +     - Unarmed
rCold    + + .     Faith    .   (shield unavailable)
rNeg     . . .     Spirit   .   (armour unavailable)
rPois    +         Reflect  .   (helmet unavailable)
rElec    .         Harm     .   (cloak unavailable)
rCorr    .         Rampage  .   (gloves unavailable)
Will     ++...                  (boots unavailable)
Stlth    +++++++...             M - amulet of Joy {RegenMP rPois rC+ Int+4}
HPRegen  0.21/turn              a - ring of Arrival {Contam rF+ Str+3 Slay+3}
MPRegen  0.39/turn              d - ring of Bumemiunt {AC+4 Str+4}

@: quick
A: very small, claws 1, fangs 3, see invisible, speed 1, shaggy fur 3, stealthy
paws, no weapons or thrown items, no armour, multi-lived
a: Renounce Religion, Berserk, Trog's Hand, Brothers in Arms


You were on level 14 of the Dungeon.
You worshipped Trog.
Trog was exalted by your worship.
You visited 3 branches of the dungeon, and saw 23 of its levels.
You also visited: Gauntlet and Ice Cave.

You collected 2127 gold pieces.
You spent 971 gold pieces at shops.

Inventory:

Jewellery
 a - the ring of Arrival (left paw) {Contam rF+ Str+3 Slay+3}
   (You acquired it on level 2 of the Dungeon)

   [ring of protection from fire]

   It affects your strength (+3).
   It affects your accuracy and damage with ranged weapons and melee attacks
   (+3).
   It protects you from fire.
   It causes magical contamination when unequipped.
 d - the ring of Bumemiunt (right paw) {AC+4 Str+4}
   (You bought it in a shop on level 10 of the Dungeon)

   [ring of protection]

   It affects your AC (+4).
   It affects your strength (+4).
 m - a ring of fire
 o - the brooch of Shielding {Spirit SH+8}
   (You found it on level 5 of the Dungeon)

   [amulet of guardian spirit]

   It causes incoming damage to be divided between your reserves of health and
   magic.
   It affects your SH (+8).
 t - a ring of magical power
 y - a ring of positive energy
 A - the ring "Zuofeack" {*Slow rC+ MP+9 Int+4 Dex+4}
   (You found it in a Gauntlet)

   [ring of magical power]

   It affects your intelligence (+4).
   It affects your dexterity (+4).
   It protects you from cold.
   It affects your magic capacity (+9).
   It may slow you when you take damage.
 B - a ring of flight
 E - an amulet of reflection
 M - the amulet of Joy (around neck) {RegenMP rPois rC+ Int+4}
   (You acquired it on level 4 of the Lair of Beasts)

   [amulet of magic regeneration]

   It increases your rate of magic regeneration.
   It affects your intelligence (+4).
   It protects you from cold.
   It protects you from poison.
Wands
 n - a wand of mindburst (19)
 u - a wand of acid (4)
 z - a wand of paralysis (24)
 J - a wand of digging (14)
 L - a wand of iceblast (1)
Scrolls
 e - 5 scrolls of immolation
 f - 4 scrolls of teleportation
 h - 2 scrolls of summoning
 k - 3 scrolls of identify
 q - 2 scrolls of blinking
 v - 3 scrolls of fog
 w - 5 scrolls of magic mapping
 x - 4 scrolls of fear
 H - a scroll of silence
 I - 2 scrolls of vulnerability
Potions
 b - 3 potions of heal wounds
 c - 10 potions of curing
 g - 2 potions of cancellation
 i - 6 potions of might
 j - 7 potions of haste
 l - 5 potions of mutation
 p - 5 potions of flight
 r - 4 potions of magic
 s - 2 potions of invisibility
 C - 5 potions of lignification
 F - 9 potions of ambrosia
 O - a potion of attraction
 P - 2 potions of resistance
Miscellaneous
 D - a box of beasts
 K - a condenser vane


   Skills:
 * Level 10.3 Fighting
 + Level 11.2 Dodging
 * Level 17.6 Stealth
 * Level 20.0 Unarmed Combat
 + Level 1.7 Evocations


You had 13 spell levels left.
You didn't know any spells.
Your spell library was empty.

Dungeon Overview and Level Annotations

Branches:
Dungeon (15/15)            Temple (0/1) D:6            Lair (6/6) D:10
  Swamp (0/4) Lair:2        Snake (0/4) Lair:2        Slime (0/5) Lair:6
    Orc (2/2) D:11            Elf (0/3) Orc:2         IceCv (visited)
Gauntlet (visited)
 Vaults: D:13-14     Depths: D:15

Altars:
Elyvilon
Gozag
Makhleb
Wu Jian

Shops:
D:9 *   D:10 *   D:12 *   D:13 [(![   Orc:2 (?(*

Annotations:
D:14 1 transporter, Rennog's ghost, journeyman DDMo
Lair:6 exclusion: 4 oklob plants


Innate Abilities, Weirdness & Mutations

You have sharp claws.
You have razor-sharp teeth.
You have supernaturally acute eyesight. (SInv)
You cover ground quickly. (Speed+)
Your thick and shaggy fur keeps you warm. (AC +3, rC+)
Your paws help you pounce on unaware monsters.
You are incapable of wielding weapons or throwing items.
You cannot wear armour.
You gain extra lives every three experience levels.


Message History

The centaur warrior shouts!
The polar bear growls angrily. 2 slime creatures come into view.
You pounce on the unaware helpless Rupert!
You eviscerate Rupert!!!!!
You kill Rupert!
Trog accepts your kill.
The ettin shouts in stereo!
The wizard shouts!
You mangle the slime creature!!
The slime creature is moderately wounded.
The slime creature quivers. x2
You mangle the slime creature!! You claw the slime creature!
You kill the slime creature!
Trog accepts your kill.
The slime creature quivers.
Your Unarmed Combat skill increases to level 20!
Things that are here:
a +0 vorpal battleaxe; a +2 scale mail of cold resistance; a potion of invisibility The slime creature completely misses you.
Two slime creatures merge to form a large slime creature.
You mangle the large slime creature!! You claw the large slime creature!!
The large slime creature is heavily wounded.
You claw the large slime creature! You bite the large slime creature.
The large slime creature is heavily wounded.
The wind drake changes into a yak!
Two slime creatures merge to form a very large slime creature.
You completely miss the very large slime creature.
You claw the very large slime creature!
The very large slime creature is moderately wounded.
You barely miss the very large slime creature.
You bite the very large slime creature!
The very large slime creature is heavily wounded.
You mangle the very large slime creature!!
You claw the very large slime creature!
The very large slime creature is severely wounded.
The very large slime creature hits you!!
You mangle the very large slime creature!!
The very large slime creature is almost dead.
The very large slime creature hits you!!!
Ouch! That really hurt!
You die...

.... .8## .... C.....#.#
..... .....#Y#.# .....
#.#..#...#.h#.# ./....
#.#....©..Wc#.####.....#
#.#..#...#pc#..#.J..#
#.#.#..[..#O#...@#
#.#©......ue#..)##
#.##8/)[$$8##...#
#..#########...##
...(...©.....###
....##.....###
....###...## ....# #####
...##


You could see a purple ugly thing, a very large slime creature, 2 centaur
warriors, an ogre mage, a polar bear, a deep elf pyromancer, a wizard, a yak
shaped shifter and Rennog's ghost.

Vanquished Creatures
  Rupert (D:14)
  Gastronok (Lair:2)
  An orc warlord (Orc:2)
  The ghost of HilariousDeathArtist the Nimble, a journeyman DjMo of Makhleb (Lair:3)
  Nessos (Lair:5)
  A fire dragon (Lair:6)
  3 boulder beetles
  An ogre mage (Orc:2)
  7 hydras
  A catoblepas (Lair:6)
  A centaur warrior (D:15)
  The ghost of Sobieck the Covert, a journeyman KoBe of Trog (D:10)
  12 two-headed ogres
  Erica (Orc:1)
  7 death yaks
  A death scarab (Gauntlet)
  An orc high priest (Orc:2)
  A fire crab (shapeshifter) (D:13)
  A skeletal warrior (D:10)
  2 deep trolls (Orc:2)
  The ghost of reriks the Firebug, a novice OpFE of Nemelex Xobeh (D:7)
  An orc knight (Orc:1)
  A bog body (Lair:2)
  A lindwurm (Lair:6)
  A deep elf pyromancer (D:13)
  2 necromancers
  3 cyclopes
  A manticore (D:10)
  4 black mambas
  3 ice statues (IceCv)
  15 elephants
  A gargoyle (D:12)
  2 molten gargoyles (Lair:6)
  10 cane toads
  2 rime drakes
  An unseen horror (D:11)
  A kobold demonologist (D:12)
  15 komodo dragons
  8 ice devils (IceCv)
  3 meliai (Lair:4)
  2 queen bees
  12 trolls
  13 blink frogs
  A polar bear (Lair:4)
  5 slime creatures (D:14)
  A shadow (D:10)
  6 wyverns
  3 wraiths
  31 yaks
  2 vampire mosquitoes (D:12)
  12 basilisks
  Menkaure (D:7)
  6 wargs
  3 swamp worms (Gauntlet)
  4 acid dragons
  4 nagas (Lair:2)
  5 hell hounds (Lair:6)
  16 water moccasins
  13 orc warriors
  An ice beast (D:5)
  A sky beast (D:6)
  17 ogres
  11 wolves
  3 elephant zombies (Lair:5)
  8 centaurs
  13 bullfrogs
  2 komodo dragon zombies (Lair:5)
  2 wyvern zombies (D:7)
  A gnoll sergeant (D:9)
  2 scorpions
  5 jellies
  49 killer bees
  4 wights
  4 electric eels
  9 howler monkeys
  5 lava snakes (Lair:6)
  A draconian simulacrum (IceCv)
  A bullfrog zombie (D:4)
  6 centaur zombies
  A gnoll shaman (D:6)
  4 hounds
  9 orc priests
  3 bullfrog skeletons
  5 iguanas
  18 orc wizards
  A scorpion zombie (D:5)
  A killer bee zombie (D:5)
  4 troll simulacra (IceCv)
  11 gnolls
  3 adders
  3 ogre simulacra (IceCv)
  2 naga simulacra (IceCv)
  A white imp (D:8)
  An ufetubus (D:6)
  A worm (D:2)
  73 orcs
  8 ball pythons
  4 bats
  7 endoplasms
  A giant cockroach (D:1)
  8 goblins
  12 hobgoblins
  10 jackals
  4 kobolds
  3 quokkas
  A frilled lizard (D:3)
  3 rats
609 creatures vanquished.

Vanquished Creatures (collateral kills)
  2 hydras (Lair:6)
  An ogre mage (Orc:2)
  3 death yaks
  An orc high priest (Orc:1)
  A wretched star (Gauntlet)
  A necromancer (Gauntlet)
  3 elephants (Lair:6)
  2 black mambas (Lair:6)
  A cane toad (Lair:4)
  A polar bear (Lair:6)
  10 blink frogs
  5 yaks (Lair:6)
  A neqoxec (Gauntlet)
  A water moccasin (Lair:6)
  5 orc warriors
  4 ogres (Orc:2)
  A wolf (Gauntlet)
  A kobold brigand (D:8)
  A bullfrog (Lair:1)
  5 killer bees
  4 wights (D:8)
  An orc wizard (Orc:1)
  8 orcs (Orc:1)
  5 kobolds (D:8)
68 creatures vanquished.

Vanquished Creatures (others)
  A molten gargoyle (Lair:6)
  A quokka (D:13)
  3 bushes (Lair:6)
  A demonic plant (Gauntlet)
  33 fungi
  70 plants
  2 withered plants (Lair:3)
111 creatures vanquished.

Grand Total: 788 creatures vanquished

Notes
Turn   | Place    | Note
-------+----------+-------------------------------------------
     0 | D:1      | robertstho the Felid Berserker began the quest for the Orb.
     0 | D:1      | Reached XP level 1. HP: 10/10 MP: 2/2
   229 | D:1      | Reached XP level 2. HP: 14/14 MP: 3/3
  1251 | D:2      | Reached skill level 1 in Stealth
  1251 | D:2      | Reached XP level 3. HP: 17/17 MP: 4/4
  1287 | D:2      | Identified a scroll of acquirement
  1287 | D:2      | Acquired the ring of Arrival {Contam rF+ Str+3 Slay+3}
  1981 | D:2      | Reached ** piety under Trog
  2720 | D:3      | Reached skill level 4 in Unarmed Combat
  2733 | D:3      | Reached XP level 4. HP: 20/21 MP: 5/5
  3226 | D:3      | Found an ornate altar of the Wu Jian Council.
  3405 | D:4      | Noticed an ogre
  3417 | D:4      | Killed an ogre
  3418 | D:4      | Reached XP level 5. HP: 25/25 MP: 6/6
  3444 | D:4      | HP: 1/25 [orc/+0 war axe of freezing (11)]
  3444 | D:4      | Slain by an orc
  3445 | D:4      | Reached XP level 4. HP: -2/22 MP: 5/5
  3455 | D:4      | Reached skill level 5 in Unarmed Combat
  3500 | D:4      | Identified the +0 hunting sling of Xom's Regard {freeze,
                  | rElec Will+}
  3544 | D:4      | Reached XP level 5. HP: 23/25 MP: 6/6
  4224 | D:5      | Entered Level 5 of the Dungeon
  4262 | D:5      | Gained mutation: You are covered in thick fur. (AC +2)
                  | [Felid growth]
  4262 | D:5      | Reached XP level 6. HP: 18/28 MP: 7/7
  4457 | D:5      | Noticed a water moccasin
  4462 | D:5      | Killed a water moccasin
  4463 | D:5      | Reached skill level 6 in Unarmed Combat
  4494 | D:5      | Reached *** piety under Trog
  4524 | D:5      | Reached skill level 5 in Dodging
  4537 | D:5      | Found the brooch of Shielding {Spirit SH+8}
  4552 | D:5      | Reached skill level 5 in Stealth
  4552 | D:5      | Reached XP level 7. HP: 32/32 MP: 8/8
  5012 | D:5      | Reached skill level 7 in Unarmed Combat
  5026 | D:5      | Identified the Volume of Cold and Companions
  5144 | D:5      | Identified the +3 ring mail of Purpose {rCorr}
  5146 | D:5      | Reached XP level 8. HP: 36/36 MP: 9/9
  5426 | D:6      | Reached skill level 8 in Unarmed Combat
  5736 | D:6      | Reached skill level 5 in Fighting
  5836 | D:6      | Found a staircase to the Ecumenical Temple.
  6230 | D:7      | Reached skill level 9 in Unarmed Combat
  6230 | D:7      | Reached XP level 9. HP: 30/40 MP: 6/10
  6554 | D:7      | Noticed Menkaure
  6566 | D:7      | Killed Menkaure
  6943 | D:7      | Found a runed translucent door.
  6943 | D:7      | Noticed reriks's ghost (novice OpFE)
  6961 | D:7      | Killed reriks's ghost
  6962 | D:7      | Reached skill level 10 in Unarmed Combat
  7008 | D:7      | Reached **** piety under Trog
  7193 | D:8      | Reached skill level 10 in Stealth
  7592 | D:8      | Reached skill level 11 in Unarmed Combat
  7593 | D:8      | Reached XP level 10. HP: 29/45 MP: 8/11
  8044 | D:8      | Identified the +2 pair of gloves of Satisfaction {Contam
                  | rC++ Dex+4}
  8726 | D:9      | Found Izxupixi's Assorted Antiques.
  8739 | D:9      | Bought a scroll labelled ZOSEUBOPTA for 20 gold pieces
  8739 | D:9      | Bought an emerald potion for 18 gold pieces
  8739 | D:9      | Bought a scroll of identify for 40 gold pieces
  8739 | D:9      | Bought a scroll labelled JAPYABL XAQYSCH for 20 gold pieces
  8739 | D:9      | Bought a potion of heal wounds for 100 gold pieces
  8739 | D:9      | Bought a gilded ring for 100 gold pieces
  8739 | D:9      | Bought a yellow potion for 18 gold pieces
  9301 | D:10     | Entered Level 10 of the Dungeon
  9424 | D:10     | Found a staircase to the Lair.
  9758 | D:10     | Found a runed translucent gate.
  9759 | D:10     | Found a runed translucent gate.
  9760 | D:10     | Found a runed translucent gate.
  9761 | D:10     | Found an opulent altar of Gozag.
  9762 | D:10     | Noticed a manticore
  9762 | D:10     | Noticed Sobieck's ghost (journeyman KoBe)
  9764 | D:10     | Found Afipn's Assorted Antiques.
  9764 | D:10     | Noticed a skeletal warrior
 10006 | D:10     | Reached ***** piety under Trog
 10137 | D:10     | Killed a manticore
 10138 | D:10     | Reached skill level 12 in Unarmed Combat
 10153 | D:10     | Killed Sobieck's ghost
 10336 | D:10     | Bought a brightly glowing silver ring for 155 gold pieces
 10336 | D:10     | Identified the ring of Bumemiunt {AC+4 Str+4} (You bought
                  | it in a shop on level 10 of the Dungeon)
 10336 | D:10     | Bought an emerald potion for 27 gold pieces
 10336 | D:10     | Bought a bubbling inky potion for 27 gold pieces
 10336 | D:10     | Bought a scroll labelled SANIYL FYJEHEHANT for 31 gold
                  | pieces
 10457 | D:11     | Found a gate leading to a gauntlet.
 10468 | Gauntlet | Entered a Gauntlet
 10468 | Gauntlet | Found a transporter.
 10486 | Gauntlet | Noticed a death scarab
 10601 | Gauntlet | Found a transporter.
 10602 | Gauntlet | Found a transporter.
 10610 | Gauntlet | Found a transporter.
 10614 | Gauntlet | Found a transporter.
 10618 | Gauntlet | Noticed a necromancer
 10626 | Gauntlet | Found a transporter.
 10627 | Gauntlet | Found a transporter.
 10630 | Gauntlet | Noticed a wretched star
 10634 | Gauntlet | Found a transporter.
 10638 | Gauntlet | Found a transporter.
 10646 | Gauntlet | Found a transporter.
 10655 | Gauntlet | Noticed an obsidian statue
 10667 | Gauntlet | Found a transporter.
 10679 | Gauntlet | Found a transporter.
 10692 | Gauntlet | Found a transporter.
 10705 | Gauntlet | Found a transporter.
 10736 | Gauntlet | Killed a death scarab
 10737 | Gauntlet | Reached XP level 11. HP: 16/49 MP: 2/12
 11068 | Gauntlet | Killed a necromancer
 11073 | Gauntlet | Reached skill level 13 in Unarmed Combat
 11143 | Gauntlet | Identified the ring "Zuofeack" {*Slow rC+ MP+9 Int+4 Dex+4}
 11156 | Gauntlet | Killed a wretched star
 11282 | Gauntlet | Identified the +7 rapier "Exzor" {protect, Will+ Str-2
                  | Dex+3}
 11282 | Gauntlet | Noticed a minotaur
 11291 | Gauntlet | Slain by a minotaur
 11292 | Gauntlet | Reached XP level 10. HP: 0/54 MP: 0/9
 11560 | D:11     | Found a staircase to the Orcish Mines.
 11575 | D:11     | Noticed a four-headed hydra
 11582 | D:11     | Killed a four-headed hydra
 11745 | D:11     | Noticed a two-headed ogre
 11751 | D:11     | Killed a two-headed ogre
 11791 | D:11     | Noticed a cyclops
 11798 | D:11     | Killed a cyclops
 12509 | D:12     | Reached XP level 11. HP: 50/50 MP: 12/12
 12596 | D:12     | Found Soreogg's Assorted Antiques.
 12602 | D:12     | Reached skill level 14 in Unarmed Combat
 12613 | D:12     | Bought a scroll labelled WIUDWA ESAOD for 33 gold pieces
 12613 | D:12     | Bought a purple potion for 29 gold pieces
 12627 | D:12     | Noticed a two-headed ogre
 12963 | D:12     | Noticed a boulder beetle
 12977 | D:12     | Killed a boulder beetle
 13432 | D:12     | Killed a two-headed ogre
 13763 | Lair:1   | Entered Level 1 of the Lair of Beasts
 13765 | Lair:1   | You fall into a shaft and drop 1 floor!
 13793 | Lair:2   | Noticed a bog body
 13802 | Lair:2   | Killed a bog body
 13803 | Lair:2   | Found a staircase to the Swamp.
 14269 | Lair:2   | Noticed Gastronok
 14282 | Lair:2   | Killed Gastronok
 14283 | Lair:2   | Reached skill level 15 in Unarmed Combat
 14442 | Lair:2   | HP: 1/51 [poisoned by a killer bee]
 14443 | Lair:1   | Succumbed to a killer bee's poison
 14444 | Lair:1   | Reached XP level 10. HP: -9/48 MP: 7/11
 14581 | Lair:1   | Reached XP level 11. HP: 51/51 MP: 12/12
 14703 | Lair:1   | Noticed a seven-headed hydra
 14718 | Lair:1   | Killed a seven-headed hydra
 16001 | Lair:2   | Found a staircase to the Snake Pit.
 16293 | Lair:3   | Found a runed translucent door.
 16294 | Lair:3   | Noticed HilariousDeathArtist's ghost (journeyman DjMo)
 16331 | Lair:3   | Reached skill level 16 in Unarmed Combat
 16882 | Lair:3   | Noticed a four-headed hydra
 16890 | Lair:3   | Killed a four-headed hydra
 17134 | Lair:3   | Killed HilariousDeathArtist's ghost
 17135 | Lair:3   | Gained mutation: Your thick and shaggy fur keeps you warm.
                  | (AC +3, rC+) [Felid growth]
 17135 | Lair:3   | Reached XP level 12. HP: 39/55 MP: 7/13
 17308 | Lair:4   | Noticed a death yak
 17309 | Lair:4   | Noticed a death yak
 17310 | Lair:4   | Noticed a death yak
 17317 | Lair:4   | Noticed a death yak
 17317 | Lair:4   | Noticed a death yak
 17318 | Lair:4   | Killed a death yak
 17336 | Lair:4   | Killed a death yak
 17337 | Lair:4   | Killed a death yak
 17347 | Lair:4   | Killed a death yak
 17354 | Lair:4   | Killed a death yak
 17683 | Lair:4   | Noticed a seven-headed hydra
 17693 | Lair:4   | Killed a seven-headed hydra
 17756 | Lair:4   | Reached skill level 17 in Unarmed Combat
 18171 | Lair:4   | Reached skill level 10 in Dodging
 18390 | Lair:4   | Reached XP level 13. HP: 60/60 MP: 14/14
 18687 | Lair:4   | Acquired the amulet of Joy {RegenMP rPois rC+ Int+4}
 18740 | Lair:5   | Noticed Nessos
 18747 | Lair:5   | Killed Nessos
 19452 | Lair:5   | Reached skill level 15 in Stealth
 19834 | Lair:6   | Entered Level 6 of the Lair of Beasts
 19844 | Lair:6   | Reached skill level 1 in Evocations
 19895 | Lair:6   | Reached skill level 18 in Unarmed Combat
 19953 | Lair:6   | Found a frozen archway.
 19962 | IceCv    | Entered an ice cave
 20842 | IceCv    | Reached ****** piety under Trog
 21456 | Lair:6   | Found a staircase to the Slime Pits.
 21774 | Lair:6   | Reached XP level 14. HP: 64/64 MP: 15/15
 22696 | Lair:6   | Found a large runed translucent door.
 22954 | Lair:6   | Found a large runed translucent door.
 23804 | Orc:1    | Entered Level 1 of the Orcish Mines
 23834 | Orc:1    | Reached skill level 19 in Unarmed Combat
 24091 | Orc:2    | Entered Level 2 of the Orcish Mines
 24130 | Orc:2    | Found a burning altar of Makhleb.
 24256 | Orc:2    | Noticed an orc warlord
 24259 | Orc:2    | Killed an orc warlord
 24463 | Orc:2    | Found Qoymabro's Weapon Shoppe.
 24494 | Orc:2    | HP: 1/65 [two-headed ogre/+0 giant club (16)]
 24494 | Orc:2    | Demolished by a two-headed ogre
 24495 | Orc:2    | Reached XP level 13. HP: -14/61 MP: 14/14
 24742 | Orc:2    | Reached skill level 10 in Fighting
 25439 | Orc:2    | Found a staircase to the Elven Halls.
 25480 | Orc:2    | Reached XP level 14. HP: 39/66 MP: 15/15
 25524 | Orc:2    | Found Lidion's Assorted Antiques.
 25760 | Orc:2    | Found Forugoas's Antique Weapon Shop.
 25766 | Orc:2    | Found Zergho's Magic Scroll Emporium.
 25822 | Orc:2    | Bought a scroll of identify for 22 gold pieces
 25822 | Orc:2    | Bought a scroll of identify for 22 gold pieces
 25822 | Orc:2    | Bought a scroll of identify for 22 gold pieces
 25832 | Orc:2    | Bought a potion of curing for 105 gold pieces
 26128 | Orc:1    | Noticed Erica
 26141 | Orc:1    | Killed Erica
 26581 | D:13     | Found Bicoah's Weapon Shop.
 26581 | D:13     | Found Wigoomeif's Armour Shoppe.
 26683 | D:13     | Found a white marble altar of Elyvilon.
 26792 | D:13     | Found Wizo's Distillery.
 26801 | D:13     | Bought a potion of berserk rage for 70 gold pieces
 26801 | D:13     | Bought a potion of curing for 42 gold pieces
 26801 | D:13     | Bought a potion of heal wounds for 70 gold pieces
 26937 | D:13     | Found Ygerur's Armour Shop.
 26949 | D:13     | Identified the +7 hunting sling of Buruila {freeze, Fly rF+
                  | Str-5 Stlth+}
 27032 | D:13     | You fall into a shaft and drop 2 floors!
 27032 | D:15     | Entered Level 15 of the Dungeon
 27539 | D:14     | Found a transporter.
 27548 | D:14     | Noticed Rupert
 27553 | D:14     | Noticed Rennog's ghost (journeyman DDMo)
 27555 | D:14     | Killed Rupert
 27558 | D:14     | Reached skill level 20 in Unarmed Combat
 27565 | D:14     | Slain by a very large slime creature

Illustrated notes

Levels and vault maps discovered:
D:1:      nicolae_arrival_washed_ashore, layout_basic
D:2:      layout_loops_ring, serial_forest, infiniplex_forest_clump_long,
          infiniplex_forest_end_3, infiniplex_forest_lined_2,
          infiniplex_forest_lined_room_, infiniplex_forest_split,
          infiniplex_forest_lined_1, infiniplex_forest_clump_medium,
          infiniplex_forest_straight_2, infiniplex_forest_straight_2,
          hangedman_decor_push
D:3:      layout_rooms, general_overflow_altar
D:4:      layout_basic, minmay_misc_feat_room, minmay_puff
D:5:      layout_loops_ring, minmay_misc_feat_rows, minmay_checkerbox
D:6:      layout_basic, minmay_temple_entry_poolview, centaur_isle
D:7:      layout_rooms, gammafunk_ghost_grave, lightli_orcish_oven,
          uniq_menkaure
D:8:      layout_loops_cross
D:9:      layout_loops_corners, serial_shops, shop
D:10:     layout_roguey, erik_lair_orcish_takeover, ebering_ghost_gozag,
          hangedman_abyss_or_decor_stagger, minmay_orc_keep
D:11:     layout_roguey, orc_0_dummy, gauntlet_entry_generic
D:12:     layout_cave_pods, serial_shops, shop
D:13:     layout_small_grid, grunt_vaults_entry_fortified, serial_shops,
          shop_statue, shop, shop, nicolae_shop_trees,
          kennysheep_big_empty_room, elyvilon_altar_4
D:14:     layout_cave_pods, enter_trove_1, gammafunk_ghost_arena,
          minmay_misc_feat_four_crosses, uniq_rupert, uniq_agnes
D:15:     gammafunk_enter_depths_forms, layout_basic,
          minmay_misc_feat_nine_boxes, chequers_serial_rivers_room_a
Lair:1:   layout_small_grid, grunt_megastairs_4
Lair:2:   layout_misc_corridors, skrybe_swamp_entry_bodies,
          minmay_snake_entry_guardpost_medium, special_room [special_room_bee],
          st_stairs_13, uniq_gastronok
Lair:3:   layout_long_grid, gammafunk_ghost_grave
Lair:4:   regret_index_combs_of_tragedy, layout_hall_layers,
          kennysheep_basilisk_garden, grunt_megastairs_1
Lair:5:   pond_and_an_island_with_a_cottage, layout_regular_city,
          infiniplex_staircase_pool, uniq_nessos
Lair:6:   cheibrodos_lair_end_hotspot, layout_small_grid,
          nicolae_slime_entry_slimehenge, portal_ice_cave_entry_pillars_2,
          nicolae_lair_yak_garden, minmay_lair_oklob_chamber
Orc:1:    layout_diamond_mine, uniq_erica
Orc:2:    st_orc_open, layout_diamond_mine, basic_altar, minmay_orc_barracks

Skill      XL: |  1  2  3  4  5  6  7  8  9 10 11 12 13 14 |
---------------+-------------------------------------------+-----
Stealth        | 1 2 4 5 6 9 10 11 14 17 | 17.6
Unarmed Combat | 4 5 6 7 9 11 12 16 17 18 20 | 20.0
Fighting       | 4 5 7 8 10 | 10.3
Dodging        | 5 6 8 9 10 11 | 11.2
Evocations     | 1 |  1.7

Action                   |  1- 3 |  4- 6 |  7- 9 | 10-12 | 13-15 || total
-------------------------+-------+-------+-------+-------+-------++-------
Melee: Unarmed           |   103 |    89 |   179 |   632 |   569 ||  1572
       Bite              |    10 |    11 |    16 |    85 |   111 ||   233
       Punch             |     4 |     1 |     5 |    59 |    85 ||   154
Invok: Berserk           |     2 |     2 |     7 |    28 |    21 ||    60
       Trog's Hand       |       |     1 |     1 |     3 |     5 ||    10
       Brothers in Arms  |       |       |     1 |     6 |     8 ||    15
Evoke: Wand              |       |       |     3 |     2 |    19 ||    24
       Box of beasts     |       |       |       |     1 |     1 ||     2
       Condenser vane    |       |       |       |       |     1 ||     1
  Use: Scroll            |     3 |     1 |     5 |    12 |    12 ||    33
       Potion            |       |       |     2 |     2 |     6 ||    10
 Stab: Sleeping          |     5 |     7 |    17 |    21 |    33 ||    83
       Distracted        |       |     1 |       |     8 |    13 ||    22
       Invisible         |       |       |       |       |     2 ||     2
Armor: Skin              |     3 |     4 |     6 |    32 |    23 ||    68
Dodge: Dodged            |    59 |    72 |   127 |   464 |   440 ||  1162
Block: Other             |       |       |    68 |   222 |       ||   290

Table legend: (Time is in decaauts)
 A = Elapsed time spent in this place.
 B = Non-inter-level travel time spent in this place.
 C = Inter-level travel time spent in this place.
 D = Time resting spent in this place.
 E = Time spent auto-exploring this place.
 F = Levels seen in this place.
 G = Mean time per level.
                   A        B        C        D        E       F      G
               +--------+--------+--------+--------+--------+-----+--------+
         Total |  24743 |  23829 |    914 |   4952 |  15025 |  25 |  989.7 |
       Dungeon |  12501 |  11958 |    543 |   1220 |   9112 |  15 |  833.4 |
          Lair |   7757 |   7437 |    320 |   1813 |   4223 |   6 | 1292.8 |
  Orcish Mines |   2477 |   2427 |     50 |    656 |   1295 |   2 | 1238.5 |
      Ice Cave |   1146 |   1146 |      0 |    804 |    157 |   1 | 1146.0 |
      Gauntlet |    861 |    861 |      0 |    457 |    236 |   1 |  861.0 |
               +--------+--------+--------+--------+--------+-----+--------+

Top non-repeatable levels by time:
  Lair:6: 2166 daAuts
   Orc:2: 1619 daAuts
  Lair:4: 1303 daAuts
    D:11: 1296 daAuts
     D:2: 1252 daAuts
   IceCv: 1146 daAuts
  Lair:5: 1100 daAuts
  Lair:2: 1082 daAuts
    D:10: 1078 daAuts
     D:1: 1077 daAuts
  Lair:1: 1056 daAuts
  Lair:3: 1047 daAuts
    D:12: 1043 daAuts
     D:5: 950 daAuts
     D:8: 931 daAuts
